Cogmind - Beta 15 @@@ ROGUE MODE // 2025.09.08 @ 14:09:29 Player: kiiro Result: Self-destructed Performance ------------- Evolutions (1) 500 Regions Visited (3) 600 Robots Destroyed (6) 30 Value Destroyed (191) 191 Prototype IDs (0) 0 Alien Tech Used (0) 0 Bonus (83) 83 TOTAL SCORE: 1404 Bonus ------- Follower Combat Kills 83 Cogmind --------- Core Integrity 386/400 Matter 300/300 Energy 250/250 System Corruption 0% Temperature Cool (13) Movement Walking (190) Ox1 Location -9/Materials Parts ------- > --- POWER (1) -------- Ion Engine > --- PROPULSION (3) --- Aluminum Leg Aluminum Leg > --- UTILITY (3) ------ Improved Heat Sink Medium Storage Unit Backup Plating III > --- WEAPON (2) ------- Particle Cannon > --- INVENTORY (10) --- Ion Engine Aluminum Leg Aluminum Leg Backup Propulsion III Reaction Control System Small Laser Peak State ------------ > --- POWER ------------ Ion Engine > --- PROPULSION ------- Aluminum Leg Aluminum Leg Aluminum Leg > --- UTILITY ---------- Improved Heat Sink Medium Storage Unit Backup Plating III > --- WEAPON ----------- EM Pulse Gun Particle Cannon > --- INVENTORY -------- Ion Engine Aluminum Leg Aluminum Leg Backup Propulsion III Reaction Control System Small Laser [Rating: 15] Favorites ----------- Power Ion Engine Engine Ion Engine Propulsion Aluminum Leg Leg Aluminum Leg Hover Unit Backup Propulsion III Utility Medium Storage Unit Device Improved Heat Sink Storage Medium Storage Unit Protection Backup Plating III Weapon Particle Cannon Energy Gun EM Pulse Gun Energy Cannon Particle Cannon Build | -11 -10 -10 -9 ------- Run | Yrd Mat Min Mat Slots Evolved 2 | . . . 2 Power . | . . . . Propulsion 1 | . . . 1 Utility 1 | . . . 1 Weapon . | . . . . Parts Attached 13 | 5 5 . 3 Power 2 | 1 . . 1 Engine 2 | 1 . . 1 Core . | . . . . Reactor . | . . . . Propulsion 3 | 1 2 . . Treads . | . . . . Leg 3 | 1 2 . . Wheel . | . . . . Hover . | . . . . Flight . | . . . . Utility 4 | 1 1 . 2 Device 1 | . . . 1 Storage 2 | 1 1 . . Processor . | . . . . Hackware . | . . . . Protection 1 | . . . 1 Artifact . | . . . . Weapon 4 | 2 2 . . Energy Gun 2 | 2 . . . Energy Cannon 2 | . 2 . . Ballistic Gun . | . . . . Ballistic Cannon . | . . . . Launcher . | . . . . Special Weapon . | . . . . Impact Weapon . | . . . . Slashing Weapon . | . . . . Piercing Weapon . | . . . . Special Melee Weapon . | . . . . Unidentified Prototypes . | . . . . Parts Lost 1 | . . . 1 Power . | . . . . Propulsion . | . . . . Utility . | . . . . Weapon 1 | . . . 1 Highest Loss Streak 1 | . . . 1 To Critical Strikes . | . . . . Average Backups 5 | 1 5 8 6 Power 1 | . 1 1 1 Propulsion 1 | . . 2 2 Utility 1 | . 1 2 . Weapon 2 | . 2 3 1 Tool/Special . | . . . . Unused Backups 5 | . . . 5 Power 1 | . . . 1 Propulsion 2 | . . . 2 Utility 1 | . . . 1 Weapon 1 | . . . 1 Tool/Special . | . . . . Average Slot Usage (%) 83 | . 79 85 89 Engine 13 | . 14 14 11 Leg 22 | . 14 28 33 Hover 4 | . 8 . . Storage 12 | . 14 14 9 Protection 2 | . . . 10 Energy Gun 2 | . 2 . 5 Energy Cannon 23 | . 25 28 16 Peak Build Rating 15 | 5 11 9 15 Average Rating 9 | 4 8 9 12 On Entrance 5 | . 5 9 9 Naked Turns . | . . . . Heaviest Build 27 | 13 23 23 27 Greatest Support 30 | 10 20 20 30 Greatest Overweight (x) 2 | 1 2 1 1 Average Overweight (x) 1 | . 1 1 . Largest Inventory Capacity 10 | 8 10 10 10 Average Capacity 9 | 7 9 10 9 Most Carried 9 | 2 9 9 8 Average Carried 5 | 1 5 8 6 Final Capacity 10 | 8 10 10 10 Final Carried 9 | 2 8 9 6 Class Distribution -------------------- 100% | Mutant Dominant Class ---------------- Mutant | -10/Materials Mutant | -10/Mines Mutant | -9/Materials Resources | -11 -10 -10 -9 ----------- Run | Yrd Mat Min Mat Matter Collected 360 | 227 53 20 60 Remotely . | . . . . Salvage Created 243 | . 154 89 . Parts 7 | . 4 3 . Haulers Intercepted . | . . . . Recyclers Shooed . | . . . . Parts Field Recycled . | . . . . Retrieved Matter . | . . . . Parts Self-Destructed . | . . . . Prevented . | . . . . Kills | -11 -10 -10 -9 ------- Run | Yrd Mat Min Mat Combat Hostiles Destroyed 4 | . 2 2 . Cannons 4 | . 2 2 . Classes Destroyed 3 | . 3 . . Recycler 1 | . 1 . . Watcher 1 | . 1 . . Grunt 4 | . 2 2 . Best Kill Streak 3 | . 3 2 . Combat Bots Only 2 | . 2 2 . Max Kills in Single Turn 1 | . 1 1 . Gunslinging . | . . . . Exploded . | . . . . Melee . | . . . . Uniques/NPCs Destroyed . | . . . . Combat | -11 -10 -10 -9 -------- Run | Yrd Mat Min Mat Hostile Shots Fired 32 | . 5 9 18 Missed 11 | . 2 3 6 Hits 21 | . 3 6 12 Melee 3 | . . . 3 Projectile 18 | . 3 6 9 Critical Strikes 3 | . . 1 2 Damage Taken 329 | . 32 86 211 Core 35 | . 10 11 14 Absorbed by Shields . | . . . . Regen/Repaired (Parts) 82 | . . . 82 Core Remaining (%) 95 | 100 . 91 . Volleys Fired 22 | . 14 5 3 Largest 2 | . 2 2 2 Hottest 136 | . 136 136 108 Shots Fired 43 | . 28 10 5 Gun 2 | . . . 2 Cannon 41 | . 28 10 3 Launcher . | . . . . Special . | . . . . Kinetic . | . . . . Thermal 41 | . 28 10 3 Explosive . | . . . . Electromagnetic 2 | . . . 2 Robot Hit Streak 5 | . 3 5 3 Robot Miss Streak 5 | . 5 1 2 Penetration Max . | . . . . Secondary Targets . | . . . . Shots Hit Robots 24 | . 14 7 3 Core Hits 7 | . 4 3 . Critical Kills . | . . . . Critical Parts Destroyed . | . . . . Critical Strikes . | . . . . Melee Attacks . | . . . . Impact . | . . . . Slashing . | . . . . Piercing . | . . . . Sneak Attacks . | . . . . Combat Hostiles . | . . . . Follow-up Attacks . | . . . . Damage Inflicted 516 | . 308 144 64 Guns 12 | . . . 12 Cannons 492 | . 308 144 40 Explosions . | . . . . Melee . | . . . . Ramming 12 | . . . 12 Kinetic . | . . . . Thermal 492 | . 308 144 40 Explosive . | . . . . Electromagnetic 12 | . . . 12 Impact . | . . . . Slashing . | . . . . Piercing . | . . . . Highest Corruption . | . . . . Average Corruption . | . . . . Corruption Purged . | . . . . Corruption Blocked . | . . . . Overload Shots . | . . . . Overflow Damage 5 | . 5 . . Projectiles 5 | . 5 . . Explosions . | . . . . Melee . | . . . . Knockbacks . | . . . . Impact . | . . . . Kinetic . | . . . . Secondary . | . . . . Self-Inflicted Damage . | . . . . Shots . | . . . . Rammed . | . . . . Targets Rammed 5 | . . . 5 Kicked 5 | . . . 5 Crushed . | . . . . Highest Temperature 423 | . 387 423 13 Average Temperature 162 | . 141 218 13 Received Heat Transfer 135 | . 18 63 54 Effects 3 | . 1 2 . Shutdowns 2 | . 1 1 . Damage (minor) 1 | . . 1 . Siege Activations . | . . . . Martial Activations . | . . . . Shielding Activations . | . . . . Robots Disrupted . | . . . . Combat Hostiles . | . . . . Robots Corrupted . | . . . . Combat Hostiles . | . . . . Parts Fried . | . . . . Impact Corruptions . | . . . . Robots Melted . | . . . . Combat Hostiles . | . . . . Parts Melted 1 | . 1 . . Heat Transferred 888 | . 555 259 74 Parts Sabotaged . | . . . . Parts Stolen . | . . . . Parts Stripped . | . . . . Power Chain Reactions . | . . . . Alert | -11 -10 -10 -9 ------- Run | Yrd Mat Min Mat Maximum Alert Level . | . . . . Low Security (%) 100 | 100 100 100 100 Level 1 . | . . . . Level 2 . | . . . . Level 3 . | . . . . Level 4 . | . . . . Level 5 . | . . . . High Security . | . . . . Max Security . | . . . . Peak Influence 60 | . 60 40 48 Initial . | . . . . Average 10 | . 12 8 9 Influence Increases 255 | . 108 50 97 Destroy 0b10 Robot/C 140 | . 40 40 60 Destroy 0b10 Robot/NC 10 | . 10 . . Destroy Leader 32 | . 12 10 10 Allied During Kill 8 | . . . 8 Successful Hack 35 | . 16 . 19 Disable Machine 30 | . 30 . . Influence Decreases 255 | . 108 50 97 Time Decay 217 | . 108 50 59 Lost Ally 38 | . . . 38 Squads Dispatched 1 | . 1 . . Investigation . | . . . . Extermination . | . . . . Reinforcement 1 | . 1 . . Assault . | . . . . Garrison . | . . . . Intercept . | . . . . Searches Triggered . | . . . . Construction Impeded . | . . . . Haulers Reinforced . | . . . . Active Scanning Responses . | . . . . Cargo Convoy Interrupts . | . . . . Stealth | -11 -10 -10 -9 --------- Run | Yrd Mat Min Mat Distress Signals 1 | . . . 1 Communications Jammed . | . . . . Distress Signals . | . . . . Times Spotted 15 | . 5 2 8 Peak Tracking Total 6 | . 3 2 6 Tactical Retreats . | . . . . Traps | -11 -10 -10 -9 ------- Run | Yrd Mat Min Mat Traps Triggered 1 | . . . 1 Indirectly . | . . . . Trap Hack Attempts . | . . . . Triggered . | . . . . Disarmed . | . . . . Reprogrammed . | . . . . Reused . | . . . . Traps Extracted . | . . . . Installed . | . . . . Triggered . | . . . . Machines | -11 -10 -10 -9 ---------- Run | Yrd Mat Min Mat Machines Disabled 2 | . 2 . . Max in Single Turn 1 | . 1 . . Machines Repaired . | . . . . Machines Dismantled . | . . . . Machines Sabotaged . | . . . . Overloaded Fab Kills . | . . . . Hacking | -11 -10 -10 -9 --------- Run | Yrd Mat Min Mat Machines Accessed 5 | . 2 . 3 Terminals 3 | . 1 . 2 Fabricators . | . . . . Repair Stations 2 | . 1 . 1 Recycling Units . | . . . . Scanalyzers . | . . . . Garrison Access . | . . . . Total Hacks 12 | . 3 . 9 Successful 4 | . 1 . 3 Failed 8 | . 2 . 6 Catastrophic 2 | . 1 . 1 Database Lockouts . | . . . . Manual 3 | . . . 3 Terminals 9 | . 2 . 7 Fabricators . | . . . . Repair Stations 3 | . 1 . 2 Recycling Units . | . . . . Scanalyzers . | . . . . Garrison Access . | . . . . Terminal Hacks 1 | . . . 1 Emergency Access Points 1 | . . . 1 Fabricator Hacks . | . . . . Repair Station Hacks 3 | . 1 . 2 Scan Component 1 | . . . 1 Repair 1 | . . . 1 Refit 1 | . 1 . . Recycling Unit Hacks . | . . . . Scanalyzer . | . . . . Garrison Access Hacks . | . . . . Unauthorized Hacks . | . . . . Terminals . | . . . . Fabricators . | . . . . Repair Stations . | . . . . Recycling Units . | . . . . Scanalyzers . | . . . . Garrison Access . | . . . . Data Cores Recovered . | . . . . Used . | . . . . Hacking Detections 4 | . 1 . 3 Full Trace Events . | . . . . Feedback Events . | . . . . Feedback Blocked . | . . . . Robot Schematics Acquired . | . . . . Robots Built . | . . . . Authchips . | . . . . Time . | . . . . Total Robot Build Rating . | . . . . Part Schematics Acquired . | . . . . Parts Built . | . . . . Authchips . | . . . . Time . | . . . . Total Part Build Rating . | . . . . Parts Repaired 1 | . . . 1 Time 26 | . . . 26 Parts Recycled . | . . . . Recycled Matter . | . . . . Retrieved Matter . | . . . . Retrieved Components . | . . . . Parts Scanalyzed . | . . . . Part Schematics Acquired . | . . . . Parts Damaged . | . . . . Bothacking | -11 -10 -10 -9 ------------ Run | Yrd Mat Min Mat Used RIF Installer . | . . . . Robots Hacked . | . . . . Non-combat . | . . . . Combat . | . . . . Robot Hacks Applied . | . . . . Relay Couplers Released . | . . . . Fabnet Peak Effective % . | . . . . Robots Rewired . | . . . . Allies Hacked . | . . . . Hacks Repelled . | . . . . Allies | -11 -10 -10 -9 -------- Run | Yrd Mat Min Mat Total Allies 2 | . . 2 . Largest Group 2 | . . 2 2 Highest-Rated Group 41 | . . 41 41 Highest-Rated Ally 31 | . . 31 31 Total Orders . | . . . . Ally Attacks 11 | . . . 11 Total Damage 210 | . . . 210 Kills 3 | . . . 3 Allies Corrupted . | . . . . Allies Melted . | . . . . Intel | -11 -10 -10 -9 ------- Run | Yrd Mat Min Mat Active Infowar (turns) . | . . . . Robot Analysis Total . | . . . . Derelict Logs Recovered . | . . . . Drone Launches . | . . . . Drone Recoveries . | . . . . Exploration | -11 -10 -10 -9 ------------- Run | Yrd Mat Min Mat Turns Passed 1118 | 116 517 229 256 Spaces Moved 507 | 55 183 113 156 Core 7 | 7 . . . Treads . | . . . . Legs 500 | 48 183 113 156 Wheels . | . . . . Hover . | . . . . Flight . | . . . . Fastest Speed 50 | 50 190 190 120 Average Speed 189 | 168 253 190 120 Slowest Speed 260 | 190 260 190 190 Overloaded Moves . | . . . . Propulsion Burnouts . | . . . . Robots Hopped . | . . . . Potential Cave-ins . | . . . . Cave-ins Triggered . | . . . . Exploration Rate (%) 24 | 6 32 30 28 Regions Visited 3 Branch Regions 1 Pre-discovered Areas . | . . . . Known Exits Taken . | . . . . Unknown Exits Taken 3 | 1 1 1 . Scrap Searched 1 | . . 1 . Spaces Dug . | . . . . Terrain Destroyed . | . . . . Melee . | . . . . Projectile . | . . . . AOE . | . . . . Terrain Rammed . | . . . . Walls Destroyed . | . . . . Machines Disabled . | . . . . Actions | -11 -10 -10 -9 --------- Run | Yrd Mat Min Mat Total 618 | 76 208 118 216 Wait 58 | 15 1 . 42 Move 504 | 54 182 112 156 Hop . | . . . . Pick Up 7 | 2 1 1 3 Fast Attach 10 | 5 3 . 2 Attach 5 | . 1 . 4 Detach 5 | . 5 . . Swap 2 | . 1 . 1 Drop . | . . . . Fire 22 | . 14 5 3 Melee . | . . . . Ram . | . . . . Kick 5 | . . . 5 Crush . | . . . . Escape Stasis . | . . . . Rewire . | . . . . Trap . | . . . . Miscellaneous . | . . . . Route ------- -11/Scrapyard -10/Materials (discovered 2 exits: [*Min x2]) -10/Mines -9/Materials (discovered 1 exit: [*Min]) History --------- Turn | Location | Event 19 | -11/Scrapyard | Discovered new exit (range 16) 117 | -11/Scrapyard | Entered Materials 304 | -10/Materials | Build established: Mutant 421 | -10/Materials | Discovered new exit (range 7) 570 | -10/Materials | Discovered new exit (range 16) 634 | -10/Materials | Entered Mines 737 | -10/Mines | Found a hidden stash of uninstalled traps 850 | -10/Mines | Discovered new exit (range 7) 863 | -10/Mines | Entered Materials 863 | -9/Materials | Accompanied by 2 allies 863 | -9/Materials | Evolved 2 slots: Propulsion x1, Utility x1 868 | -9/Materials | Led the pair of lost Derelicts to an unsafe place 982 | -9/Materials | Repaired Med. Storage Unit 998 | -9/Materials | Discovered new exit (range 6) 1119 | -9/Materials | Self-destructed Last Messages --------------- 01031_ G-34 Mercenary destroyed. 01033_ K-01 Serf collects debris. 01037_ Acquired Aluminum Leg. 01039_ Acquired 45 matter. 01041_ Acquired 15 matter. 01042_ R-06 Scavenger collects Ion Engine. 01045_ R-06 Scavenger collects Aluminum Leg. 01047_ CU-C2X(g) destroyed. 01048_ R-06 Scavenger collects Beamcaster. 01052_ Acquired Imp. Heat Sink. 01052_ R-06 Scavenger collects Lgt. Angular Momentum Engine. 01054_ K-01 Serf collects debris. 01057_ Acquired Reaction Control System. 01060_ K-01 Serf collects debris. 01064_ Kicked A-02 Transporter out of the way. 01073_ Kicked A-02 Transporter. 01092_ Kicked A-02 Transporter out of the way. 01101_ U-05 Engineer builds a Door. 01112_ Aluminum Leg severed. 01117_ EM Pulse Gun destroyed. Map ----- +----------------------------------------------------+ | ] + # #??????????????????????????? | | # # #??????????????????????????? | | ##### ######? + +??????????????????????????? | | ?#### ##?????? # #??????????????????????????? | | ?#" #??????? # #??????????????????????????? | | ?#"" #????????# #??????????????????????????? | | ?#|| #????????? #??????????????????????????? | | ?#"" < #????????? #??????????????????????????? | | ?#|| #????????? #??????????????????????????? | | ?#"" #????????? ???????????????????????????? | | ?#" #???????????????????????????????????????? | | ?#### ##???????????????????????????????????????? | | ????# #????????????????????????????????????????? | | ????# #????????????????????????????????????????? | | ????# #????????????????????????????????????????? | | ??## ##?????????? ????????????????????????????? | | /### #####????# ???????????????????????????? | | % [ T !!#????# ???????????????????????????? | | !!"" !#????# ???????????????????????????? | | % !!#????# ???????????????????????????? | | ## !!#????# #??????????????????????????? | | ?##### !#????# #??????????????????????????? | | ?????# !!#????# #??????????????????????????? | | ?????# #####????# #??????????????????????????? | | ?????# #????????# ###########????????????????? | | ?????# #????????# ##=@ #????????????????? | | ??????# #???????## ##lY """ #????????????????? | | ??????# #???????# [ #gg """ #????????????????? | | ??????# #???????# #g """ #????????????????? | | ??????# #???????+ + #????????????????? | | ??????#%#???????# # " " #????????????????? | | ???????# #???????# # "R" #????????????????? | | ???????# ###?????### ### """ #????????????????? | | ???????# #########/### #????????????????? | | ???????# %# == % #######+##????????????????? | | ???????# # == """ #?????????????????????????? | | ???????# / [ """ #?????????????????????????? | | ???????# # """ #?????????????????????????? | | ???????# # ! #?????????????????????????? | | ???????# ####+########?????????????????????????? | | ???????# #??# ???????????????????????????????? | | ???????# #??# ?????????????????????????????? | | ???????# #??# #???????????????????????????? | | ???????# #??# #???????????????????????????? | | ???????# #??# #???????????????????????????? | | ???????# #??# #???????????????????????????? | | ???????# #??####/###???????????????????????????? | | ???????# ??????? ?????????????????????????????? | | ???????# ??????? ?????????????????????????????? | | ???????# ???????? ????????????????????????????? | +----------------------------------------------------+ Best States ------------- Heat Dissipation 42 Energy Generation 12 Energy Capacity 265 Matter Stores 300 Matter Capacity 300 Sight Range 16 Terrain Scan Density 10 Armor Coverage 80 Evasion (%) 55 Item Schematics ----------------- None Robot Schematics ------------------ None Fabricated ------------ Nothing Repaired ---------- Med. Storage Unit | 67% | -9/Materials Alien Tech Used ----------------- None Achievements -------------- None Challenges ------------ None Game ------ Seed ReinforcedNodeExoskeleton Manual? 0 Play Time 00:12:08 Cumulative 16.9 hours Start 2025.09.08 @ 13:58:47 End 2025.09.08 @ 14:09:29 Sessions 1 Manual Loads 0 Difficulty Rogue Special Mode None Game No. 17 Rogue 17 Adventurer 0 Explorer 0 Win Type - Total 0 Types 0/0/0/0/0/0/0/0/0/0 Lore% 3 Gallery% 14 Achievement% 16 Wizard Run 0 Options --------- Layout 0 ASCII 1 Keyboard 1 Movement Vi Keybinds 0 Fullscreen 0 Font 20/Cased Map View 76x50 Zoom Use 0% Tactical HUD 1 Map Filters NONE Filters NONE Steam 1 RUN: ec2a9da3-ec45-4162-bc3b-d22d6e6418a1